 Dungeon Crawl Stone Soup version 0.24-a0-279-ga7546fe674 (webtiles) character file.

Game seed: 5931618554473651739

3423 Esekla the Slicer (level 9, -5/57 HPs)
             Began as a Vampire Wanderer on Apr 30, 2019.
             Was a Follower of Ashenzari.
             Killed from afar by a rime drake (24 damage)
             ... with a flash freeze
             ... on level 1 of the Lair of Beasts on May 1, 2019.
             The game lasted 01:33:18 (9268 turns).

Esekla the Slicer (Vampire Wanderer)                Turns: 9268, Time: 01:33:18

Health: -5/57      AC: 11    Str: 17    XL:     9   Next: 76%
Magic:  3/14       EV: 15    Int: 20    God:    Ashenzari [*.....]
Gold:   522        SH:  0    Dex: 12    Spells: 0/15 levels left

rFire    . . .     SeeInvis +   b - +2 short sword (venom)
rCold    + . .     Gourm    .   (no shield)
rNeg     + + .     Faith    .   a - +2 robe {MR+} (curse)
rPois    +         Spirit   .   d - +0 helmet
rElec    .         Reflect  .   E - +2 cloak {rPois}
rCorr    .         Harm     .   J - +2 pair of gloves {archery}
MR       +....                  (no boots)
Stlth    ++++......             (no amulet)
HPRegen  0.09/turn              s - ring "Xyriucot" {rPois Str+4}
MPRegen  0.14/turn              D - +3 ring of intelligence

@: regenerating slowly
A: fangs 3, see invisible, unbreathing
a: Bat Form, Curse Item, Scrying, Renounce Religion


You were on level 1 of the Lair of Beasts.
You worshipped Ashenzari.
Ashenzari was aware of your devotion.
You were near bloodless.

You visited 3 branches of the dungeon, and saw 10 of its levels.

You collected 522 gold pieces.

Inventory:

Hand Weapons
 b - a +2 short sword of venom (weapon)
 n - a +7 dagger of freezing
 z - a +0 vampiric halberd
 F - the +11 trident of False Hope {pierce, *Noise rElec rPois SInv}
   (You found it on level 6 of the Dungeon)

   It inflicts extra damage upon your enemies.
   It insulates you from electricity.
   It protects you from poison.
   It lets you see invisible.
   It may make noises in combat.
Missiles
 G - 2 tomahawks (quivered)
Armour
 a - a cursed +2 robe of magic resistance (worn)
 d - a +0 helmet (worn)
 o - a +0 cloak
 E - a +2 cloak of poison resistance (worn)
 J - a +2 pair of gloves of archery (worn)
Jewellery
 l - an uncursed ring of fire
 m - a +2 ring of dexterity
 s - the ring "Xyriucot" (left hand) {rPois Str+4}
   (You found it on level 5 of the Dungeon)

   [ring of strength]

   It affects your strength (+4).
   It protects you from poison.
 C - a +3 ring of intelligence
 D - a +3 ring of intelligence (right hand)
 H - an uncursed ring of resist corrosion
Wands
 v - a wand of paralysis (7)
 B - a wand of digging (8)
Scrolls
 c - 4 scrolls of teleportation
 f - 2 scrolls of fog
 k - a scroll of random uselessness
 q - a scroll of enchant weapon
 u - 2 scrolls of amnesia
Potions
 e - 16 potions of blood
 g - a potion of haste {unknown}
 i - 4 potions of brilliance
 p - 3 potions of agility
 t - a potion of ambrosia
 w - a potion of mutation
 x - 2 potions of curing
 A - a potion of lignification


   Skills:
 * Level 9.0 Short Blades
 - Level 2.0 Polearms
 + Level 6.5 Dodging
 - Level 6.0 Stealth
   Level 1.7 Shields
 + Level 3.7 Spellcasting
 + Level 2.1 Conjurations
 + Level 5.1 Hexes
 + Level 2.1 Translocations
   Level 1.1 Transmutations
 * Level 2.5 Fire Magic
 + Level 3.1 Air Magic
 + Level 2.6 Poison Magic


You couldn't memorise any spells.
You knew the following spells:

 Your Spells              Type           Power        Failure   Level  Hunger
a - Magic Dart            Conj           ##..         5%          1    None
b - Blink                 Tloc           N/A          9%          2    ##.....
c - Mephitic Cloud        Conj/Pois/Air  ##......     13%         3    ###....
d - Dazzling Spray        Conj/Hex       ###...       9%          3    ###....
e - Tukima's Dance        Hex            ###.....     4%          3    ###....
f - Conjure Flame         Conj/Fire      ##......     16%         3    ###....

Your spell library contained the following spells:

 Spells                   Type           Power        Failure   Level  Hunger
 Corona                   Hex            ###....      1%          1    None
 Slow                     Hex            ###.....     2%          2    ##.....
 Confuse                  Hex            ###.....     4%          3    ###....
 Ensorcelled Hibernation  Hex/Ice        ##....       7%          2    ##.....
 Call Imp                 Summ           #.......     21%         2    ##.....


Dungeon Overview and Level Annotations

Branches:
Dungeon (8/15)             Temple (1/1) D:4            Lair (1/6) D:8

Altars:
Ashenzari
Cheibriados
Elyvilon
Fedhas
Gozag
Hepliaklqana
Makhleb
Nemelex Xobeh
Okawaru
Qazlal
Ru
Sif Muna
Trog
Uskayaw
Vehumet
Wu Jian
Xom
Yredelemnul
Zin
The Shining One


Innate Abilities, Weirdness & Mutations

You heal slowly.
You have razor-sharp teeth.
You have supernaturally acute eyesight. (SInv)
You can survive without breathing.


Message History

Confirm with . or Enter, or press ? or * to list all spells.
Aiming: Dazzling Spray (safe; 9% risk of failure)
Press: ? - help, Shift-Dir - straight line, f/p - rime drake
Aim: a rime drake (heavily wounded, poisoned)
The spray of energy misses the rime drake.
The rime drake barely misses you. x2
You feel better. The ice encasing you melts away.
The rime drake bites you but does no damage.
Casting: Dazzling Spray (safe; 9% risk of failure)
Confirm with . or Enter, or press ? or * to list all spells.
Aiming: Dazzling Spray (safe; 9% risk of failure)
Press: ? - help, Shift-Dir - straight line, f/p - rime drake
Aim: a rime drake (heavily wounded, poisoned)
The spray of energy hits the rime drake.
The rime drake is severely wounded.
The rime drake is dazzled.
The rime drake breathes ice at you. The flash freeze hits you!!
You partially resist.
You die...

......... .
..........#
......(.#.#
....(....#.#
.P.........#
.........P.#
..#.....k#.#
#.......@#.##
##.........#
##....$..##
#.##P..?...#
#..........#
....#......##
...##....<..#
...#.....>..#
###P.....#


You could see a rime drake (blind).

Vanquished Creatures
  Sigmund (D:4)
  Eustachio (D:4)
  5 ice beasts
  An orc warrior (D:6)
  A black bear (D:6)
  A phantom (D:6)
  6 ogres
  2 centaurs
  A big kobold (D:8)
  3 bullfrogs
  2 scorpions
  An electric eel (D:8)
  A howler monkey (D:4)
  3 crimson imps
  4 jellies
  11 orc wizards
  4 hounds
  2 orc priests
  A centaur skeleton (D:7)
  3 iguanas
  5 worker ants
  A hound zombie (D:8)
  A hound skeleton (D:8)
  A howler monkey zombie (D:7)
  A worker ant zombie (D:5)
  15 gnolls
  12 adders
  3 oozes
  An adder skeleton (D:8)
  4 worms
  2 dart slugs
  4 leopard geckos
  24 orcs
  12 giant cockroaches
  3 hobgoblins
  11 jackals
  2 quokkas (D:5)
  4 ball pythons
  A bat (D:1)
  5 frilled lizards
  3 goblins
  14 kobolds
  A quokka skeleton (D:4)
  A quokka zombie (D:5)
  4 rats (D:3)
189 creatures vanquished.

Notes
Turn   | Place    | Note
-------+----------+-------------------------------------------
     0 | D:1      | Esekla the Vampire Wanderer began the quest for the Orb.
     0 | D:1      | Esekla set off with the following items: a +0 spear, a
                  | scroll of teleportation, a +0 robe, a potion of blood; and
                  | the following spell memorised: Magic Dart; and the
                  | following spells available to memorise: Blink, Call Imp,
                  | Slow, Conjure Flame, Mephitic Cloud
     0 | D:1      | Reached XP level 1. HP: 13/13 MP: 3/3
   415 | D:1      | Reached XP level 2. HP: 19/19 MP: 5/5
   433 | D:1      | Learned a level 2 spell: Blink
   501 | D:1      | You fall through a shaft!
  1555 | D:1      | Reached XP level 3. HP: 24/24 MP: 6/6
  1841 | D:1      | Learned a level 3 spell: Mephitic Cloud
  2168 | D:2      | Reached skill level 1 in Short Blades
  2206 | D:2      | Reached XP level 4. HP: 18/30 MP: 7/7
  2944 | D:3      | Reached skill level 2 in Short Blades
  2947 | D:3      | Reached skill level 1 in Translocations
  3029 | D:3      | Reached XP level 5. HP: 30/35 MP: 8/8
  3041 | D:3      | Reached skill level 1 in Poison Magic
  3061 | D:3      | Reached skill level 1 in Air Magic
  3529 | D:4      | Noticed an ogre
  3537 | D:4      | Killed an ogre
  3537 | D:4      | Reached skill level 3 in Short Blades
  3537 | D:4      | Reached XP level 6. HP: 8/41 MP: 5/9
  4059 | D:4      | Found a bloodstained altar of Trog.
  4076 | D:4      | Reached skill level 5 in Dodging
  4088 | D:4      | Noticed a fire elemental
  4089 | D:4      | Noticed Eustachio
  4221 | D:4      | Noticed Sigmund
  4230 | D:4      | Reached skill level 1 in Conjurations
  4260 | D:4      | Killed Sigmund
  4260 | D:4      | Reached skill level 4 in Short Blades
  4260 | D:4      | Reached XP level 7. HP: 46/46 MP: 7/10
  4301 | D:4      | Found a stormy altar of Qazlal.
  4311 | D:4      | Killed Eustachio
  4320 | D:4      | Noticed a water elemental
  4320 | D:4      | Noticed an air elemental
  4342 | D:4      | Learned a level 3 spell: Dazzling Spray
  4567 | D:4      | Found a staircase to the Ecumenical Temple.
  4585 | Temple   | Entered the Ecumenical Temple
  4691 | Temple   | Became a worshipper of Ashenzari the Shackled
  4760 | D:4      | Reached skill level 5 in Short Blades
  4760 | D:4      | Reached skill level 1 in Stealth
  4760 | D:4      | Reached skill level 1 in Hexes
  5315 | D:5      | Entered Level 5 of the Dungeon
  5332 | D:5      | Reached XP level 8. HP: 48/52 MP: 9/12
  5609 | D:5      | Found a sacrificial altar of Ru.
  5637 | D:5      | Reached skill level 6 in Short Blades
  5780 | D:5      | Identified the ring "Xyriucot" {rPois Str+4}
  6261 | D:6      | Reached * piety under Ashenzari
  6663 | D:6      | Reached skill level 7 in Short Blades
  6693 | D:6      | Reached skill level 5 in Hexes
  6929 | D:6      | Reached XP level 9. HP: 57/57 MP: 14/14
  6934 | D:6      | Learned a level 3 spell: Tukima's Dance
  6938 | D:6      | Learned a level 3 spell: Conjure Flame
  7036 | D:6      | Found an ornate altar of the Wu Jian Council.
  7159 | D:6      | Got the trident of False Hope {pierce, *Noise rElec rPois
                  | SInv}
  7160 | D:6      | Identified the +11 trident of False Hope {pierce, *Noise
                  | rElec rPois SInv} (You found it on level 6 of the Dungeon)
  7201 | D:6      | Found a sparkling altar of Nemelex Xobeh.
  7250 | D:7      | Reached skill level 1 in Fire Magic
  7333 | D:7      | Reached skill level 8 in Short Blades
  7342 | D:7      | Found a blossoming altar of Fedhas.
  7413 | D:7      | Found a shimmering altar of Xom.
  7413 | D:7      | Found a basalt altar of Yredelemnul.
  7413 | D:7      | Found a sacrificial altar of Ru.
  7413 | D:7      | Found a hazy altar of Hepliaklqana.
  7597 | D:7      | Reached skill level 5 in Stealth
  7616 | D:7      | Found a white marble altar of Elyvilon.
  7998 | D:8      | Noticed a two-headed ogre
  8653 | D:8      | Identified the +0 robe "Ijutzegh" {*Drain rPois Str+3
                  | Dex+4}
  8800 | D:8      | Reached skill level 9 in Short Blades
  8822 | D:8      | Found an opulent altar of Gozag.
  9242 | D:8      | Found a staircase to the Lair.
  9247 | Lair:1   | Entered Level 1 of the Lair of Beasts
  9250 | Lair:1   | Noticed a rime drake
  9268 | Lair:1   | Killed from afar by a rime drake

Levels and vault maps discovered:
D:1:      elethiomel_arrival_quiet, layout_basic, minmay_worlds_worst_comb
D:2:      layout_loops_ring, serial_park_tiny_2
D:3:      layout_loops_ring, first_ration, grunt_ministairs_1
D:4:      layout_loops_ring, bloody_trog, nicolae_qazlal_style_of_elements,
          minmay_temple_entry_large_hall, uniq_sigmund, uniq_eustachio
D:5:      layout_gridville, basic_altar
D:6:      layout_rooms, lemuel_round_altar, kennysheep_mini_moat
D:7:      layout_rooms, overflow_temple_1_default, elyvilon_altar_3,
          chequers_temple_overflow_statue_of_worship
D:8:      layout_basic, old_standard_altar, lair_entry_dummy
Temple:   compressed_dpeg_triangle_lava_temple
Lair:1:   layout_misc_corridors

Skill      XL: |  1  2  3  4  5  6  7  8  9 |
---------------+----------------------------+-----
Dodging        | 4 5 6 |  6.5
Polearms       | 2 |  2.0
Short Blades   | 1 2 3 4 5 7 9 |  9.0
Translocations | 1 2 |  2.1
Poison Magic   | 1 2 |  2.6
Air Magic      | 1 2 3 |  3.1
Conjurations   | 1 2 |  2.1
Stealth        | 1 4 6 |  6.0
Hexes          | 1 5 |  5.1
Spellcasting   | 3 |  3.7
Fire Magic     | 2 |  2.5
Shields        | |  1.7
Transmutations | |  1.1

Action                   |  1- 3 |  4- 6 |  7- 9 || total
-------------------------+-------+-------+-------++-------
Melee: Spear             |    94 |       |       ||    94
       Bite              |    11 |    11 |    45 ||    67
       Dagger            |     6 |     2 |    64 ||    72
       Short sword       |    29 |    93 |   325 ||   447
       Trident           |       |       |    10 ||    10
Throw: Tomahawk          |       |       |     3 ||     3
 Cast: Magic Dart        |     8 |    10 |    11 ||    29
       Mephitic Cloud    |     1 |     4 |     9 ||    14
       Blink             |       |     1 |     2 ||     3
       Dazzling Spray    |       |       |    11 ||    11
       Conjure Flame     |       |       |     2 ||     2
Invok: Curse Item        |       |       |     1 ||     1
 Abil: End Transformatio |       |       |     3 ||     3
       Bat Form          |       |       |     3 ||     3
  Use: Potion            |     2 |     5 |    12 ||    19
       Scroll            |     1 |       |    14 ||    15
 Stab: Sleeping          |     7 |     2 |    12 ||    21
       Distracted        |     1 |     1 |     1 ||     3
       Confused          |     1 |     2 |     4 ||     7
       Invisible         |       |       |     2 ||     2
  Eat: Corpse            |     1 |     1 |     1 ||     3
Armor: Robe              |    15 |     8 |    58 ||    81
Dodge: Dodged            |    98 |    56 |   248 ||   402

Table legend:
 A = Non-vault XP
 B = Vault XP
 C = Vault XP percentage of total XP
 D = Non-vault monster count
 E = Vault monster count
 F = Vault count percentage of total count
                 A         B        C        D         E       F
            +---------+---------+-------+---------+---------+-------
      Total |    4464 |     426 |   8.7 |     180 |       9 |   4.8
            +---------+---------+-------+---------+---------+-------
        D:1 |      33 |      10 |  23.3 |      16 |       5 |  23.8
        D:2 |      80 |       0 |   0.0 |      14 |       0 |   0.0
        D:3 |     279 |       2 |   0.7 |      29 |       2 |   6.5
        D:4 |     590 |     414 |  41.2 |      31 |       2 |   6.1
        D:5 |     783 |       0 |   0.0 |      24 |       0 |   0.0
        D:6 |     994 |       0 |   0.0 |      19 |       0 |   0.0
        D:7 |    1132 |       0 |   0.0 |      30 |       0 |   0.0
        D:8 |     573 |       0 |   0.0 |      17 |       0 |   0.0
            +---------+---------+-------+---------+---------+-------
